 Dungeon Crawl Stone Soup version 0.18.1-5-g4a78601 (webtiles) character file.

425 inmateoo the Ruffian (level 6, 0/32 HPs)
             Began as a Vine Stalker Skald on May 14, 2016.
             Slain by an ogre
             ... wielding a +0 giant spiked club
              (14 damage)
             ... on level 4 of the Dungeon.
             The game lasted 00:04:58 (2626 turns).

inmateoo the Ruffian (Vine Stalker Skald)           Turns: 2626, Time: 00:04:59

Health: 0/32       AC: 10    Str: 17    XL:     6   Next: 96%
Magic:  0/10       EV:  7    Int: 12    God:
Gold:   193        SH:  0    Dex: 13    Spells: 1 memorised, 8 levels left

rFire  + . .     SeeInvis .       - Unarmed
rCold  . . .     Gourm    .     a - +0 chain mail
rNeg   . . .     Faith    .     (no shield)
rPois  .         Spirit   +     (no helmet)
rElec  .         Dismiss  .     (no cloak)
rCorr  .         Reflect  .     (no gloves)
SustAt .         Harm     .     j - +1 pair of boots
MR     .....                    (no amulet)
Stlth  ..........               e - ring of loudness (curse)
                                n - ring of protection from fire

@: very slightly contaminated, not resistant to hostile enchantments, extremely
unstealthy
A: fangs 2, regeneration 2, magic shield, antimagic bite, no device heal 3, rot
immunity
a: no special abilities


You were on level 4 of the Dungeon.
You were not hungry.

You visited 1 branch of the dungeon, and saw 4 of its levels.
You also visited: Sewer.

You collected 193 gold pieces.

Inventory:

Armour
 a - a +0 chain mail (worn)
 j - a +1 pair of boots (worn)
Jewellery
 e - a cursed ring of loudness (right hand)
 n - a ring of protection from fire (left hand)
Potions
 g - 2 potions of flight {unknown}
 h - 5 potions of curing
 i - a potion of brilliance {unknown}
Books
 b - a book of Battle

   Spells                             Type                      Level
   a - Infusion                       Charms                       1
   b - Shroud of Golubria             Charms/Translocation         2
   c - Song of Slaying                Charms                       2
   d - Spectral Weapon                Hexes/Charms                 3
   e - Regeneration                   Charms/Necromancy            3
Comestibles
 c - 2 bread rations
 d - a slice of pizza
 f - a chunk of flesh
 l - 3 meat rations


   Skills:
 + Level 2.5 Fighting
 - Level 0.7 Armour
 - Level 0.7 Dodging
 + Level 6.9 Unarmed Combat
 - Level 2.1 Spellcasting
 - Level 3.0 Charms


You had 8 spell levels left.
You knew the following spells:

 Your Spells              Type           Power        Failure   Level  Hunger
a - Infusion              Chrm           #...         96%         1    ##.....


Dungeon Overview and Level Annotations

Branches:
Dungeon (4/15)
 Temple: D:4-7

Altars:
Elyvilon
Zin

Annotations:
D:4 100P's ghost, amateur DsGl; Grinder


Innate Abilities, Weirdness & Mutations

You have extremely sharp teeth.
You heal very quickly.
When hurt, damage is shared between your health and your magic reserves.
Your bite disrupts and absorbs the magic of your enemies.
Potions and wands cannot restore your health.
You are immune to rotting.


Message History

You feel invigorated.
The ogre is heavily wounded.
The ogre hits you with a giant spiked club.
You hit the ogre but do no damage.
The ogre is heavily wounded.
The ogre completely misses you.
You hit the ogre. You bite the ogre. You drain its power.
You feel invigorated.
The ogre is severely wounded.
You hit the ogre.
The ogre is almost dead.
The ogre barely misses you.
Your chain mail prevents you from hitting the ogre.
The ogre is almost dead.
The ogre hits you with a giant spiked club.
You hit the ogre but do no damage. You punch the ogre, but do no damage.
The ogre is almost dead.
You hit the ogre. Your bite misses the ogre.
The ogre is almost dead.
The ogre hits you with a giant spiked club!!
You die...

#...#.#≈≈≈≈≈#..#..#......
#...#.#≈≈≈≈≈#......#.#...
#.....#######.##...###...
#[............##....(....
#...>.........##..#....#
#####....#....##........
######.........5#
#....##....# #...@#...#.#
#....O.5.# .. #........#
... #....###### #.#
#.##.# . ... ..# ...#.#.#
...#.#.# # #.


You could see Grinder and an ogre.

Vanquished Creatures
  An ogre (D:4)
  A big kobold (Sewer)
  The ghost of inmateoo the Charmwright, an amateur VSSk of Dithmenos (D:3)
  A worker ant (D:4)
  3 adders (D:3)
  4 gnolls (D:3)
  2 river rats (Sewer)
  An adder skeleton (D:3)
  A worm (D:4)
  A dart slug (D:3)
  2 giant geckos (D:1)
  An orc (D:3)
  3 ball pythons
  5 bats
  3 giant cockroaches
  9 goblins
  5 hobgoblins
  11 jackals
  12 kobolds
  2 giant newts
  18 rats
87 creatures vanquished.

Notes
Turn   | Place    | Note
--------------------------------------------------------------
     0 | D:1      | inmateoo the Vine Stalker Skald began the quest for the Orb.
     0 | D:1      | Reached XP level 1. HP: 11/11 MP: 4/4
    83 | D:1      | Reached XP level 2. HP: 5/15 MP: 3/6
   195 | D:1      | Reached skill level 3 in Unarmed Combat
   410 | D:1      | Reached XP level 3. HP: 18/18 MP: 7/7
  1069 | D:2      | Found a glowing silver altar of Zin.
  1114 | D:2      | Found a white marble altar of Elyvilon.
  1500 | D:3      | Reached skill level 4 in Unarmed Combat
  1504 | D:3      | Noticed inmateoo's ghost (amateur VSSk)
  1619 | D:3      | Reached XP level 4. HP: 23/23 MP: 8/8
  1734 | D:3      | Reached skill level 5 in Unarmed Combat
  1734 | D:3      | Reached XP level 5. HP: 25/26 MP: 7/9
  1859 | D:3      | Killed inmateoo's ghost
  2139 | D:3      | Noticed an ogre
  2173 | D:4      | Noticed 100P's ghost (amateur DsGl)
  2353 | D:4      | Noticed an ogre
  2366 | D:4      | Killed an ogre
  2366 | D:4      | Reached skill level 6 in Unarmed Combat
  2366 | D:4      | Gained mutation: You heal very quickly. [Vine Stalker growth]
  2366 | D:4      | Reached XP level 6. HP: 12/30 MP: 3/10
  2410 | D:4      | Found a glowing drain.
  2436 | Sewer    | Entered a sewer
  2543 | Sewer    | Found a glowing silver altar of Zin.
  2618 | D:4      | Noticed Grinder
  2626 | D:4      | Slain by an ogre

Skill      XL: |  1  2  3  4  5  6 |
---------------+-------------------+-----
Unarmed Combat | 3 4 5 6 |  6.9
Fighting       | 2 |  2.5
Armour         | |  0.7
Dodging        | |  0.7
Spellcasting   | |  2.1
Charms         | |  3.0

Action                   |  1- 3 |  4- 6 || total
-------------------------+-------+-------++-------
Melee: Unarmed           |   116 |   181 ||   297
       Bite              |    31 |    47 ||    78
       Punch             |     3 |     3 ||     6
  Use: Scroll            |     6 |     3 ||     9
       Potion            |       |     1 ||     1
  Eat: Chunk             |     2 |     4 ||     6
Armor: Leather armour    |    13 |       ||    13
       Chain mail        |    39 |    61 ||   100
Dodge: Dodged            |    41 |    53 ||    94
